 Dungeon Crawl Stone Soup version 0.28-a0-1206-g193881aaa2 (webtiles) character file.

Game seed: 103128531217131984

4432 enile the Covert (level 10, -1/68 HPs)
             Began as an Octopode Brigand on Dec 20, 2021.
             Was a Priest of Dithmenos.
             Shot with an arrow by a centaur (7 damage)
             ... on level 9 of the Dungeon.
             The game lasted 00:37:50 (9957 turns).

enile the Covert (Octopode Brigand)                 Turns: 9957, Time: 00:37:51

Health: -1/68      AC:  1    Str: 14    XL:     10   Next: 36%
Magic:  4/4        EV: 14    Int: 14    God:    Dithmenos [***...]
Gold:   358        SH: 15    Dex: 18    Spells: 7/13 levels left

rFire   . . .      SeeInvis .   g - +3 short sword (elec)
rCold   . . .      Faith    .   e - +4 kite shield of the Locust {rN+ MP-9 Dex+4 Stlth+}
rNeg    + . .      Spirit   .   (helmet restricted)
rPois   .          Reflect  .   m - amulet of the acrobat
rElec   .          Harm     .   d - ring of fire
rCorr   +          Rampage  .   i - ring of ice
Will    .....                   z - ring of resist corrosion
Stlth   ++++++++..              (no ring)
HPRegen 0.21/turn               (no ring)
MPRegen 0.09/turn               (no ring)
                                (no ring)
                                (no ring)

@: lethally poisoned (-1 -> -21), wreathed by umbra
A: almost no armour, amphibious, 8 rings, camouflage 1, gelatinous body 1,
(nimble swimmer 1), tentacles
a: Renounce Religion, Shadow Step


You were on level 9 of the Dungeon.
You worshipped Dithmenos.
Dithmenos was most pleased with you.
You visited 1 branch of the dungeon, and saw 9 of its levels.

You collected 358 gold pieces.

Inventory:

Hand Weapons
 a - a +2 dagger
 g - a +3 short sword of electrocution (weapon)
 h - a +3 dagger
 p - a +1 dire flail of draining
 s - a +3 scythe of distortion
 t - a +2 dagger of venom
 w - a +4 great sword of freezing
 F - a +3 short sword
 L - a +4 spear
Missiles
 b - 37 poisoned darts (quivered)
 u - 3 boomerangs
 C - 67 stones
Armour
 e - the +4 kite shield of the Locust (worn) {rN+ MP-9 Dex+4 Stlth+}
   (You acquired it on level 6 of the Dungeon)

   Dex:       It affects your dexterity (+4).
   rN:        It protects you from negative energy.
   MP:        It affects your magic capacity (-9).
   Stlth:     It makes you more stealthy.
 j - a +0 cloak
 l - a +0 buckler
Magical Staves
 v - a staff of poison
Jewellery
 d - a ring of fire (left tentacle)
 i - a ring of ice (right tentacle)
 m - an amulet of the acrobat (around mantle)
 z - a ring of resist corrosion (on tentacle)
Wands
 c - a wand of flame (48)
 f - a wand of polymorph (10)
 y - a wand of iceblast (8)
 I - a wand of paralysis (4)
 J - a wand of mindburst (2)
Scrolls
 k - a scroll of brand weapon {unknown}
 n - 2 scrolls of teleportation
 o - 4 scrolls of fear {unknown}
 q - 2 scrolls of enchant armour
 E - a scroll of immolation
Potions
 x - a potion of heal wounds
 A - a potion of magic {unknown}
 B - a potion of mutation {unknown}
 D - a potion of cancellation
 G - a potion of might {unknown}
 H - a potion of flight


   Skills:
 - Level 6.0 Fighting
 - Level 6.0 Short Blades
 - Level 4.0 Throwing
 - Level 5.0 Dodging
 - Level 8.0 Stealth
 + Level 6.7 Shields
 - Level 1.0 Unarmed Combat
 - Level 2.0 Spellcasting
 - Level 3.0 Summonings
 - Level 2.0 Earth Magic
 - Level 4.0 Invocations
 - Level 4.0 Evocations


You had 7 spell levels left.
You knew the following spells:

 Your Spells              Type           Power      Damage    Failure   Level
a - Passwall              Tmut/Erth      3%         N/A       56%         2
b - Call Canine Familiar  Summ           9%         N/A       52%         3
c - Sandblast             Erth           14%        2d6       30%         1

Your spell library contained the following spells:

 Spells                   Type           Power      Damage    Failure   Level
 Stone Arrow              Conj/Erth      8%         3d7       80%         3
 Portal Projectile        Hex/Tloc       2%         N/A       90%         3
 Leda's Liquefaction      Hex/Erth       2%         N/A       99%         4
 Dispersal                Tloc           0%         N/A       100%        6
 Disjunction              Tloc           0%         N/A       100%        8


Dungeon Overview and Level Annotations

Branches:
Dungeon (9/15)             Temple (0/1) D:5            Lair (0/6) D:9
    Orc (0/2) D:9

Altars:
Dithmenos
Ru

Shops:
D:1 =   D:4 (

Annotations:
D:6 3 runed translucent doors, Yajnam's ghost, novice HuBe; axecop's ghost, amateur DsAK


Innate Abilities, Weirdness & Mutations

You cannot wear most types of armour.
You are amphibious.
You can wear up to eight rings at the same time.
Your skin changes colour to match your surroundings (Stealth+).
Your rubbery body absorbs attacks. (AC +1, EV +1)
((You are camouflaged near water. (Stealth+)))
You have tentacles for arms and can constrict up to eight enemies at once.


Message History

You climb downwards.
You block the killer bee's attack. The killer bee stings you.
You are poisoned.
The killer bee poisons you! The killer bee stings you.
The centaur shoots an arrow.
The arrow hits you! You block the killer bee's attack.
The killer bee stings you! x2
You are more poisoned.
The killer bee poisons you! You block the killer bee's attack.
The centaur shoots an arrow.
The arrow barely misses you.
The arrow completely misses the killer bee.
The killer bee stings you but does no damage.
The killer bee misses you. The killer bee stings you.
The killer bee barely misses you. The killer bee closely misses you.
The centaur shoots an arrow.
You block the arrow.
There is a stone staircase leading up, spattered with blood here.
Okay, then.
As you read the scroll labelled SINULI QUEPPO, it crumbles to dust.
It is a scroll of enchant weapon.
Your +2 short sword of electrocution glows red for a moment.
You feel very sick.
You block the killer bee's attack. x2; The killer bee closely misses you.
The killer bee stings you!
* * * LOW HITPOINT WARNING * * *
You are lethally poisoned!
The killer bee poisons you! The killer bee barely misses you.
The centaur shoots an arrow.
You block the arrow. The killer bee barely misses you.
The killer bee stings you.
* * * LOW HITPOINT WARNING * * *
The killer bee stings you.
* * * LOW HITPOINT WARNING * * *
The killer bee buzzes angrily.
Okay, then.
As you read the scroll labelled FUT UTYJ VYK, it crumbles to dust.
It is a scroll of amnesia.
Okay, then.
* * * LOW HITPOINT WARNING * * *
You feel very sick.
You block the killer bee's attack. x3; The centaur shoots an arrow.
The arrow hits you!
You die...
Z...............................# ..................###.......##..# ....#.............# #....##.....# ....#........c.#.####.....#...>## Z.Z #......<.......##...###....# Z.Z

##.........###.......##...##
.# #.....##..#
#..#.....##..# #
#.....###..##..#....## ..#
......##...#.y@y......##
...#.........yyy.#...##
...#.......#...####### #
##......###.# $...##.## .>#
..... .. .## ...... .. .
..##.) .....


You could see a centaur and 5 killer bees.

Vanquished Creatures
  A two-headed ogre (D:8)
  Grinder (D:5)
  Sigmund (D:5)
  2 steam dragons
  Duvessa (D:7)
  Edmund (D:5)
  2 water moccasins
  A black bear (D:4)
  3 centaurs
  2 ogres
  A kobold brigand (D:7)
  2 scorpions
  A wyvern zombie (D:8)
  3 bullfrogs
  Dowan (D:7)
  8 killer bees
  12 wights
  2 howler monkeys (D:5)
  A centaur zombie (D:7)
  3 orc priests
  2 jellies
  3 hounds
  A centaur skeleton (D:5)
  2 bullfrog skeletons
  3 iguanas
  Natasha (thrice) (D:3)
  4 orc wizards
  3 killer bee zombies
  A hound skeleton (D:4)
  7 gnolls
  3 adders (D:5)
  2 shadow imps
  2 ufetubi
  An adder skeleton (D:2)
  2 worms (D:4)
  3 dart slugs
  15 orcs
  6 endoplasms
  5 giant cockroaches
  9 goblins
  4 hobgoblins
  6 jackals
  7 kobolds
  A quokka (D:1)
  5 ball pythons
  2 bats
  3 frilled lizards
  2 hobgoblin skeletons (D:9)
  A hobgoblin zombie (D:9)
  An orc zombie (D:9)
  6 rats
164 creatures vanquished.

Vanquished Creatures (collateral kills)
  A wight (D:6)
1 creature vanquished.

Vanquished Creatures (others)
  2 plants (D:3)
  6 withered plants (D:6)
8 creatures vanquished.

Grand Total: 173 creatures vanquished

Notes
Turn   | Place    | Note
-------+----------+-------------------------------------------
     0 | D:1      | enile the Octopode Brigand began the quest for the Orb.
     0 | D:1      | Reached XP level 1. HP: 14/14 MP: 1/1
   226 | D:1      | Found Epazerr's Jewellery Shoppe.
   245 | D:1      | Reached XP level 2. HP: 18/19 MP: 2/2
   842 | D:1      | Found a faded altar of an unknown god.
   919 | D:1      | Prayed at the altar of an unknown god.
   919 | D:1      | Became a worshipper of Dithmenos the Shadowed
   919 | D:1      | Reached * piety under Dithmenos
   965 | D:1      | Reached XP level 3. HP: 24/24 MP: 3/3
  1909 | D:3      | Reached skill level 1 in Shields
  1909 | D:3      | Reached XP level 4. HP: 15/30 MP: 4/4
  2246 | D:3      | Reached skill level 1 in Unarmed Combat
  2246 | D:3      | Reached XP level 5. HP: 29/36 MP: 5/5
  2314 | D:3      | Noticed Natasha
  2325 | D:3      | Killed Natasha
  2326 | D:3      | Reached skill level 1 in Invocations
  2535 | D:3      | Reached ** piety under Dithmenos
  2641 | D:3      | Noticed Natasha
  2650 | D:3      | Killed Natasha
  2710 | D:3      | Noticed Natasha
  2718 | D:3      | Killed Natasha
  2722 | D:3      | Learned a level 2 spell: Passwall
  2785 | D:3      | Reached XP level 6. HP: 37/42 MP: 6/8
  3214 | D:4      | Learned a level 3 spell: Call Canine Familiar
  3221 | D:4      | Found Ahost's Antique Weapon Emporium.
  3351 | D:4      | Reached skill level 1 in Summonings
  3789 | D:4      | Reached skill level 1 in Earth Magic
  3789 | D:4      | Reached XP level 7. HP: 48/48 MP: 9/9
  3983 | D:5      | Entered Level 5 of the Dungeon
  3983 | D:5      | Noticed Edmund
  3983 | D:5      | Found a staircase to the Ecumenical Temple.
  3990 | D:5      | Killed Edmund
  3991 | D:5      | Reached skill level 6 in Stealth
  4101 | D:5      | Noticed Grinder
  4118 | D:5      | Killed Grinder
  4119 | D:5      | Reached skill level 1 in Spellcasting
  4119 | D:5      | Reached skill level 1 in Evocations
  4522 | D:5      | Noticed Sigmund
  4661 | D:5      | Reached XP level 8. HP: 49/54 MP: 10/10
  4716 | D:5      | Killed Sigmund
  5842 | D:6      | Found a runed translucent gate.
  5843 | D:6      | Found a runed translucent gate.
  5843 | D:6      | Found a runed translucent gate.
  5865 | D:6      | Reached skill level 5 in Fighting
  5878 | D:6      | Learned a level 1 spell: Sandblast
  6183 | D:6      | Reached XP level 9. HP: 47/61 MP: 12/12
  6401 | D:6      | Reached skill level 7 in Stealth
  6587 | D:5      | Reached skill level 8 in Stealth
  6711 | D:4      | Reached *** piety under Dithmenos
  7353 | D:6      | Noticed Yajnam's ghost (novice HuBe)
  7353 | D:6      | Noticed axecop's ghost (amateur DsAK)
  7361 | D:6      | Identified a scroll of acquirement
  7365 | D:6      | Acquired the +4 kite shield of the Locust {rN+ MP-9 Dex+4
                  | Stlth+}
  7490 | D:7      | Reached skill level 5 in Short Blades
  7499 | D:7      | Found a sacrificial altar of Ru.
  7679 | D:7      | Noticed a six-headed hydra
  7888 | D:7      | Noticed Duvessa
  7888 | D:7      | Noticed Dowan
  7889 | D:7      | Killed Duvessa
  7890 | D:7      | Reached skill level 5 in Shields
  7894 | D:7      | Killed Dowan
  8901 | D:8      | Reached skill level 5 in Dodging
  8925 | D:8      | Reached XP level 10. HP: 68/68 MP: 4/13
  9254 | D:8      | Noticed a two-headed ogre
  9299 | D:8      | Killed a two-headed ogre
  9569 | D:9      | Found a staircase to the Orcish Mines.
  9694 | D:9      | Noticed a cyclops
  9942 | D:9      | Found a staircase to the Lair.
  9957 | D:9      | Shot with an arrow by a centaur

Illustrated notes

Levels and vault maps discovered:
D:1:      lemuel_arrival_rhombus, layout_basic,
          shapermc_ecumenical_altar_ellora, serial_shops, shop
D:2:      layout_basic, minmay_pentomino_v2
D:3:      cheibrodos_old_hovel, layout_basic, uniq_natasha
D:4:      layout_basic, serial_shops, shop
D:5:      layout_basic, minmay_temple_entry_mist, uniq_edmund, uniq_sigmund,
          uniq_grinder
D:6:      layout_loops_ring, gammafunk_ghost_cemetery
D:7:      layout_basic, mainiacjoe_overflow_catwalk, uniq_duvessa
D:8:      layout_gridville
D:9:      layout_cave_pools, lair_entry_dummy, zombieorc2_lemuel,
          evilmike_butchery

Skill      XL: |  1  2  3  4  5  6  7  8  9 10 |
---------------+-------------------------------+-----
Shields        | 1 2 3 5 6 |  6.7
Dodging        | 2 4 5 |  5.0
Fighting       | 3 4 5 6 |  6.0
Short Blades   | 3 4 5 6 |  6.0
Unarmed Combat | 1 |  1.0
Invocations    | 3 4 |  4.0
Throwing       | 3 4 |  4.0
Summonings     | 2 3 |  3.0
Earth Magic    | 1 2 |  2.0
Stealth        | 6 8 |  8.0
Spellcasting   | 1 2 |  2.0
Evocations     | 2 4 |  4.0

Action                   |  1- 3 |  4- 6 |  7- 9 | 10-12 || total
-------------------------+-------+-------+-------+-------++-------
Melee: Dagger            |    32 |       |       |       ||    32
       Tentacles         |     3 |     8 |    43 |     9 ||    63
       Constrict         |     9 |    14 |    38 |     5 ||    66
       Short sword       |     9 |    67 |   200 |    23 ||   299
       Punch             |       |       |     2 |       ||     2
Throw: Dart              |     9 |    34 |    27 |     7 ||    77
       Throwing net      |       |       |     2 |     1 ||     3
 Cast: Call Canine Famil |       |       |     5 |     1 ||     6
Evoke: Wand              |       |       |    28 |       ||    28
  Use: Potion            |     1 |     1 |     4 |       ||     6
       Scroll            |       |       |     7 |     4 ||    11
 Stab: Sleeping          |    13 |     8 |    20 |     3 ||    44
       Distracted        |     1 |       |       |       ||     1
       Held in net/web   |       |       |       |     1 ||     1
Armor: Skin              |     1 |     3 |    16 |     2 ||    22
Dodge: Dodged            |     7 |    23 |   187 |    39 ||   256
Block: Buckler           |     1 |    10 |    22 |       ||    33
       Kite shield       |       |       |    66 |    50 ||   116

Table legend: (Time is in decaauts)
 A = Elapsed time spent in this place.
 B = Non-inter-level travel time spent in this place.
 C = Inter-level travel time spent in this place.
 D = Time resting spent in this place.
 E = Time spent auto-exploring this place.
 F = Levels seen in this place.
 G = Mean time per level.
                   A        B        C        D        E       F      G
               +--------+--------+--------+--------+--------+-----+--------+
         Total |   9920 |   9288 |    632 |    962 |   6317 |   9 | 1102.2 |
       Dungeon |   9920 |   9288 |    632 |    962 |   6317 |   9 | 1102.2 |
               +--------+--------+--------+--------+--------+-----+--------+

Top non-repeatable levels by time:
     D:5: 1955 daAuts
     D:6: 1918 daAuts
     D:3: 1350 daAuts
     D:1: 1176 daAuts
     D:4: 971 daAuts
     D:7: 863 daAuts
     D:8: 791 daAuts
     D:2: 623 daAuts
     D:9: 268 daAuts
